 Dungeon Crawl Stone Soup version 0.28-a0-265-g048bc9fd10 (webtiles) character file.

Game seed: 9933401877425077280

29 desmos the Ruffian (level 3, 0/28 HPs)
             Began as a Draconian Transmuter on Aug 26, 2021.
             Slain by Terence (1 damage)
             ... on level 2 of the Dungeon on Aug 27, 2021.
             The game lasted 00:24:35 (1376 turns).

desmos the Ruffian (Draconian Transmuter)           Turns: 1376, Time: 00:24:36

Health: 0/28       AC:  5    Str: 12    XL:     3   Next: 1%
Magic:  6/6        EV: 12    Int: 14    God:
Gold:   70         SH:  0    Dex: 11    Spells: 5/6 levels left

rFire   . . .      SeeInvis .     - Unarmed
rCold   . . .      Faith    .   (no shield)
rNeg    . . .      Spirit   .   (armour unavailable)
rPois   .          Reflect  .   (helmet restricted)
rElec   .          Harm     .   (no cloak)
rCorr   .          Rampage  .   (no gloves)
Will    .....                   (no boots)
Stlth   +.........              (no amulet)
HPRegen 0.09/turn               (no ring)
MPRegen 0.10/turn               (no ring)

@: no status effects
A: AC +5, unfitting armour, cold-blooded
a: no special abilities


You were on level 2 of the Dungeon.
You visited 1 branch of the dungeon, and saw 2 of its levels.

You collected 70 gold pieces.

Inventory:

Hand Weapons
 a - a +0 hand crossbow
 b - a +0 hunting sling
 f - a +0 hand axe
 i - a +0 vorpal hunting sling
Missiles
 d - 89 stones
 g - 22 arrows
Scrolls
 h - a scroll of teleportation {unknown}
 k - a scroll of identify {unknown}
 l - a scroll of enchant armour {unknown}
 m - a scroll of amnesia {unknown}
Potions
 c - a potion of ambrosia {unknown}
 e - a potion of curing {unknown}
 j - a potion of brilliance {unknown}


   Skills:
 + Level 1.1 Fighting
 + Level 0.1 Slings
 + Level 2.5 Dodging
 - Level 0.5 Stealth
 + Level 3.0 Unarmed Combat
 + Level 2.1 Spellcasting
 + Level 2.5 Transmutations


You had 5 spell levels left.
You knew the following spells:

 Your Spells              Type           Power      Damage    Failure   Level
a - Beastly Appendage     Tmut           16%        N/A       9%          1

Your spell library contained the following spells:

 Spells                   Type           Power      Damage    Failure   Level
 Wereblood                Tmut           8%         N/A       12%         2
 Foxfire                  Conj/Fire      4%         2x1d4     24%         1
 Spider Form              Tmut/Pois      2%         N/A       38%         3
 Conjure Flame            Conj/Fire      1%         6-21      56%         3
 Inner Flame              Hex/Fire       1%         N/A       56%         3
 Ice Form                 Ice/Tmut       5%         N/A       80%         4


Dungeon Overview and Level Annotations

Branches:
Dungeon (2/15)

Altars:

Annotations:
D:2 Terence


Innate Abilities, Weirdness & Mutations

Your plain brown scales are hard. (AC +5)
You cannot fit into any form of body armour.
You are cold-blooded and may be slowed by cold attacks.


Message History

Unknown command.
Setting a skill training target for Slings at 12.0.
You hit the plant.
The plant begins to die.
You tail-slap the plant.
The plant is lightly damaged.
You enter the shallow water.
Moving in this stuff is going to be slow.
A nearby plant withers and dies.
Things that are here:
a +0 club; a goblin corpse
Things that are here:
a +0 dagger; a goblin corpse
There is a stone staircase leading down here.
You climb downwards.
There is a stone staircase leading up here.
The kobold throws a stone.
The stone hits you but does no damage.
Terence shouts!
There are monsters nearby!
The kobold throws a stone.
The stone closely misses you. Terence barely misses you.
You hit Terence but do no damage.
Terence hits you with a +1 hand axe of electrocution.
You barely miss Terence. Terence hits you but does no damage.
You hit Terence.
Your tail-slap misses Terence.
Terence is moderately wounded.
Terence hits you with a +1 hand axe of electrocution.
You are electrocuted!
Ouch! That really hurt!
* * * LOW HITPOINT WARNING * * *
You hit Terence but do no damage.
You tail-slap Terence, but do no damage.
Terence is moderately wounded.
Terence hits you with a +1 hand axe of electrocution.
* * * LOW HITPOINT WARNING * * *
You hit Terence.
Terence is heavily wounded.
Terence barely misses you.
You hit Terence but do no damage.
Terence is heavily wounded.
Terence hits you with a +1 hand axe of electrocution.
You die...

. ### .. #@#
...##+#@#
.......K#####
............##.#
...............#
....#+#..<.....#
.... #........#
#+# #........#
#........#


You could see Terence and a kobold.

Vanquished Creatures
  2 endoplasms (D:1)
  A giant cockroach (D:1)
  2 goblins (D:1)
  5 hobgoblins (D:1)
  3 jackals (D:1)
  2 quokkas (D:1)
  4 ball pythons (D:1)
  3 bats (D:1)
  A frilled lizard (D:1)
  2 kobolds (D:1)
  A rat (D:1)
26 creatures vanquished.

Vanquished Creatures (others)
  3 plants (D:1)
  2 withered plants (D:1)
5 creatures vanquished.

Grand Total: 31 creatures vanquished

Notes
Turn   | Place    | Note
-------+----------+-------------------------------------------
     0 | D:1      | desmos the Draconian Transmuter began the quest for the
                  | Orb.
     0 | D:1      | Reached XP level 1. HP: 16/16 MP: 3/3
   307 | D:1      | Reached XP level 2. HP: 20/23 MP: 5/5
   507 | D:1      | Found a faded altar of an unknown god.
  1235 | D:1      | Reached XP level 3. HP: 27/28 MP: 6/6
  1332 | D:1      | Upgraded the game from 0.28-a0-258-g8de209e91f to
                  | 0.28-a0-265-g048bc9fd10
  1363 | D:2      | Noticed Terence
  1374 | D:2      | HP: 1/28 [Terence (4)]
  1376 | D:2      | Slain by Terence

Illustrated notes

Levels and vault maps discovered:
D:1:      amcnicky_arrival_underground_garden, layout_basic, serial_bayou,
          serial_bayou_shore_a, serial_bayou_lagoon_a, serial_bayou_pond_c,
          serial_bayou_pond_a, ebering_ecumenical_altar_petrified,
          minmay_hexomino_p4
D:2:      kennysheep_six_static_rooms, layout_basic, minmay_misc_feat_plants,
          uniq_terence

Skill      XL: |  1 |
---------------+----+-----
Dodging        | 2 |  2.5
Fighting       | |  1.1
Slings         | |  0.1
Stealth        | |  0.5
Unarmed Combat | |  3.0
Spellcasting   | |  2.1
Transmutations | |  2.5

Action                   || total
-------------------------++-------
Melee: Unarmed           ||    85
       Tailslap          ||    13
       Hand axe          ||    24
 Fire: Hunting sling     ||     4
Armor: Skin              ||    28
Dodge: Dodged            ||    66

Table legend: (Time is in decaauts)
 A = Elapsed time spent in this place.
 B = Non-inter-level travel time spent in this place.
 C = Inter-level travel time spent in this place.
 D = Time resting spent in this place.
 E = Time spent auto-exploring this place.
 F = Levels seen in this place.
 G = Mean time per level.
                   A        B        C        D        E       F      G
               +--------+--------+--------+--------+--------+-----+--------+
         Total |   1404 |   1404 |      0 |    450 |    506 |   2 |  702.0 |
       Dungeon |   1404 |   1404 |      0 |    450 |    506 |   2 |  702.0 |
               +--------+--------+--------+--------+--------+-----+--------+

Top non-repeatable levels by time:
     D:1: 1392 daAuts
     D:2: 12 daAuts
